BSA
KANSAS CITY KINGS @ CHICAGO MACHINE
03/07/2027
 
TOP OF THE 1ST
Kansas City Kings batting - Pitching for Chicago Machine : RHP Anthony Jackson
Pitching: RHP Anthony Jackson
Batting: LHB Brian Boone 0-0: Foul Ball, location: 2F
0-1: Called Strike
0-2: Fly out, F7 (Flyball, 78S)
Batting: SHB Douglas Taylor 0-0: Ball
1-0: SINGLE (Groundball, 6D)
Batting: RHB Toshimichi Kono 0-0: Called Strike
0-1: Ball
1-1: Ball
2-1: Swinging Strike
2-2: Fly out, F9 (Flyball, 9LM)
Batting: LHB Pablo Reyes 0-0: Ball
1-0: Fly out, F7 (Flyball, 7)
Top of the 1st over - 0 run(s), 1 hit(s), 0 error(s), 1 left on base; Kansas City 0 - Chicago 0
BOTTOM OF THE 1ST
Chicago Machine batting - Pitching for Kansas City Kings : RHP Carlos Pacheco
Pitching: RHP Carlos Pacheco
Batting: RHB Roberto Cardona 0-0: Ball
1-0: Ball
2-0: Swinging Strike
2-1: Foul Ball, location: 2F
2-2: Strikes out looking
Batting: LHB Bob Smith 0-0: Called Strike
0-1: Foul Ball, location: 2F
0-2: Fly out, F8 (Flyball, 78M)
Batting: RHB Doug Stephens 0-0: Ball
1-0: Ball
2-0: Fly out, F7 (Flyball, 7S)
Bottom of the 1st over - 0 run(s), 0 hit(s), 0 error(s), 0 left on base; Kansas City 0 - Chicago 0
TOP OF THE 2ND
Kansas City Kings batting - Pitching for Chicago Machine : RHP Anthony Jackson
Batting: RHB Chris Chandler 0-0: Called Strike
0-1: Ball
1-1: Ball
2-1: Fly out, F8 (Flyball, 8LM)
Batting: RHB Dave Parker 0-0: Ball
1-0: Bunted foul
1-1: Ball
2-1: Ball
3-1: Foul Ball, location: 2F
3-2: Strikes out looking
Batting: SHB José Cruz 0-0: Bunt for hit - play at first, batter OUT! 1-3
Top of the 2nd over - 0 run(s), 0 hit(s), 0 error(s), 0 left on base; Kansas City 0 - Chicago 0
BOTTOM OF THE 2ND
Chicago Machine batting - Pitching for Kansas City Kings : RHP Carlos Pacheco
Batting: SHB José Alomar 0-0: Ball
1-0: Called Strike
1-1: Called Strike
1-2: Foul Ball, location: 2F
1-2: Ball
2-2: Strikes out looking
Batting: RHB Juan Vareas 0-0: Foul Ball, location: 2F
0-1: Ground out 1-3 (Groundball, P)
Batting: SHB Jesús Ramírez 0-0: Ball
1-0: Foul Ball, location: 2F
1-1: Ball
2-1: Called Strike
2-2: Fly out, F7 (Flyball, 7LS)
Bottom of the 2nd over - 0 run(s), 0 hit(s), 0 error(s), 0 left on base; Kansas City 0 - Chicago 0
TOP OF THE 3RD
Kansas City Kings batting - Pitching for Chicago Machine : RHP Anthony Jackson
Batting: SHB António De La Cruz 0-0: Foul Ball, location: 2F
0-1: Swinging Strike
0-2: Ball
1-2: Strikes out looking
Batting: RHB Raúl Bruno 0-0: Ball
1-0: Swinging Strike
1-1: Ball
2-1: DOUBLE (Line Drive, 9)
Batting: LHB Brian Boone 0-0: DOUBLE (Line Drive, 9LS)
Raúl Bruno scores
Batting: SHB Douglas Taylor 0-0: Ball
Brian Boone steals 3rd base
1-0: Ball
2-0: Foul Ball, location: 2F
2-1: Ball
3-1: Fly out, F8 (Flyball, 8RXD)
Runner from 3rd tags up, SCORES, no throw
Batting: RHB Toshimichi Kono 0-0: SINGLE (Line Drive, 89S)
Batting: LHB Pablo Reyes 0-0: Called Strike
0-1: Foul Ball, location: 2F
0-2: Ball
1-2: Ball
2-2: Foul Ball, location: 2F
2-2: Fly out, F9 (Flyball, 89XD)
Top of the 3rd over - 2 run(s), 3 hit(s), 0 error(s), 1 left on base; Kansas City 2 - Chicago 0
BOTTOM OF THE 3RD
Chicago Machine batting - Pitching for Kansas City Kings : RHP Carlos Pacheco
Batting: SHB Joaquín López 0-0: SINGLE (Groundball, 34D)
Batting: SHB Edward Bartlett 0-0: Ball
1-0: Foul Ball, location: 2F
1-1: Swinging Strike
1-2: Ball
Joaquín López steals 2nd base
2-2: Ball
3-2: Base on Balls
Batting: RHB Derek Ramsey 0-0: Ball
1-0: Ball
2-0: Called Strike
2-1: Ball
3-1: Called Strike
3-2: Foul Ball, location: 2F
3-2: SINGLE (Groundball, 6MD)
Joaquín López to third
Edward Bartlett to second
Runner from 3rd tries for Home, SAFE, no throw
Batting: RHB Roberto Cardona 0-0: Swinging Strike
0-1: 3-RUN HOME RUN (Flyball, 8LXD), Distance : 433 ft
Batting: LHB Bob Smith 0-0: Called Strike
0-1: Ball
1-1: Foul Ball, location: 2F
1-2: Ground out 3-1 (Groundball, 34)
Batting: RHB Doug Stephens 0-0: Swinging Strike
0-1: Foul Ball, location: 2F
0-2: Fly out, F4 (Flyball, 4D)
Batting: SHB José Alomar 0-0: Foul Ball, location: 2F
0-1: Swinging Strike
0-2: Ball
1-2: Ball
2-2: Foul Ball, location: 2F
2-2: Strikes out swinging
Bottom of the 3rd over - 4 run(s), 3 hit(s), 0 error(s), 0 left on base; Kansas City 2 - Chicago 4
TOP OF THE 4TH
Kansas City Kings batting - Pitching for Chicago Machine : LHP John Lane
Pitching: LHP John Lane
Batting: RHB Chris Chandler 0-0: Ball
1-0: Swinging Strike
1-1: Ball
2-1: Foul Ball, location: 2F
2-2: SINGLE (Groundball, 6D)
Batting: RHB Dave Parker 0-0: Ball
1-0: Ball
2-0: Foul Ball, location: 2F
2-1: Ball
3-1: Fly out, F9 (Flyball, 9LMF)
Batting: SHB José Cruz 0-0: Called Strike
0-1: Ball
1-1: Fly out, F2 (Popup, 13)
Batting: SHB António De La Cruz 0-0: Swinging Strike
0-1: Ball
1-1: Called Strike
1-2: Fly out, F7 (Flyball, 78D)
Top of the 4th over - 0 run(s), 1 hit(s), 0 error(s), 1 left on base; Kansas City 2 - Chicago 4
BOTTOM OF THE 4TH
Chicago Machine batting - Pitching for Kansas City Kings : RHP Carlos Pacheco
Batting: RHB Juan Vareas 0-0: Ball
1-0: Ball
2-0: Foul Ball, location: 2F
2-1: Fly out, F8 (Flyball, 8RD)
Batting: SHB Jesús Ramírez 0-0: Ball
1-0: Foul Ball, location: 2F
1-1: Swinging Strike
1-2: Ball
2-2: Ball
3-2: Base on Balls
Batting: SHB Joaquín López 0-0: Foul Ball, location: 2F
0-1: Ball
1-1: Called Strike
1-2: Ball
2-2: SINGLE (Line Drive, 6MD)
Jesús Ramírez to second
Throwing error, E8
Jesús Ramírez scores
Joaquín López to second
Batting: SHB Edward Bartlett 0-0: Called Strike
0-1: 2-RUN HOME RUN (Flyball, 89XD), Distance : 428 ft
Pitching: RHP Larry Pérez
Batting: RHB Derek Ramsey 0-0: Called Strike
0-1: Ball
1-1: Ball
2-1: Fly out, F9 (Line Drive, 9)
Batting: RHB Roberto Cardona 0-0: Swinging Strike
0-1: Ball
1-1: Fly out, F9 (Flyball, 89S)
Bottom of the 4th over - 3 run(s), 2 hit(s), 1 error(s), 0 left on base; Kansas City 2 - Chicago 7
TOP OF THE 5TH
Kansas City Kings batting - Pitching for Chicago Machine : LHP John Lane
Batting: RHB Raúl Bruno 0-0: Swinging Strike
0-1: Ground out 4-3 (Groundball, 4)
Batting: LHB Brian Boone 0-0: Ground out 6-3 (Groundball, 56D)
Batting: SHB Douglas Taylor 0-0: Called Strike
0-1: Called Strike
0-2: Ball
1-2: Strikes out swinging
Top of the 5th over - 0 run(s), 0 hit(s), 0 error(s), 0 left on base; Kansas City 2 - Chicago 7
BOTTOM OF THE 5TH
Chicago Machine batting - Pitching for Kansas City Kings : RHP Larry Pérez
Batting: LHB Bob Smith 0-0: SINGLE (Line Drive, 6MD)
Batting: RHB Doug Stephens 0-0: Ball
1-0: Ball
2-0: Ground out 5-3 (Groundball, 56S)
Bob Smith to second
Batting: SHB José Alomar 0-0: Ball
1-0: Fly out, F8 (Flyball, 8RM)
Batting: RHB Juan Vareas 0-0: Called Strike
0-1: Ball
1-1: Called Strike
1-2: Ground out 6-3 (Groundball, 6)
Bottom of the 5th over - 0 run(s), 1 hit(s), 0 error(s), 1 left on base; Kansas City 2 - Chicago 7
TOP OF THE 6TH
Kansas City Kings batting - Pitching for Chicago Machine : LHP John Lane
Batting: RHB Toshimichi Kono 0-0: Ball
1-0: Called Strike
1-1: Foul Ball, location: 2F
1-2: Foul Ball, location: 2F
1-2: Foul Ball, location: 2F
1-2: Ball
2-2: Ball
3-2: Fly out, F8 (Line Drive, 8RD)
Batting: LHB Pablo Reyes 0-0: Ball
1-0: Foul Ball, location: 2F
1-1: Fly out, F9 (Flyball, 9S)
Batting: RHB Chris Chandler 0-0: Foul Ball, location: 2F
0-1: Ball
1-1: Called Strike
1-2: Ball
2-2: Ball
3-2: SOLO HOME RUN (Flyball, 78XD), Distance : 432 ft
Pitching: RHP Howard Joyce
Batting: RHB Dave Parker 0-0: Swinging Strike
0-1: Swinging Strike
0-2: Strikes out swinging, 2-3 out at first.
Top of the 6th over - 1 run(s), 1 hit(s), 0 error(s), 0 left on base; Kansas City 3 - Chicago 7
BOTTOM OF THE 6TH
Chicago Machine batting - Pitching for Kansas City Kings : RHP Larry Pérez
Batting: SHB Jesús Ramírez 0-0: Swinging Strike
0-1: Ball
1-1: Ground out U3 (Groundball, 3L)
Batting: SHB Joaquín López 0-0: Swinging Strike
0-1: Fly out, F5 (Line Drive, 56)
Batting: SHB Edward Bartlett 0-0: Ground out U3 (Groundball, 3)
Bottom of the 6th over - 0 run(s), 0 hit(s), 0 error(s), 0 left on base; Kansas City 3 - Chicago 7
TOP OF THE 7TH
Kansas City Kings batting - Pitching for Chicago Machine : RHP Howard Joyce
Batting: SHB José Cruz 0-0: Foul Ball, location: 2F
0-1: Called Strike
0-2: Strikes out looking
Batting: SHB António De La Cruz 0-0: Called Strike
0-1: Ball
1-1: Foul Ball, location: 2F
1-2: Ball
2-2: SOLO HOME RUN (Flyball, 89XD), Distance : 409 ft
Batting: RHB Raúl Bruno 0-0: Called Strike
0-1: Ball
1-1: Foul Ball, location: 2F
1-2: Strikes out swinging
Pinch Hitting: RHB Eric Fuller 0-0: Ball
1-0: Ball
2-0: Foul Ball, location: 2F
2-1: Ball
3-1: Base on Balls
Pinch Hitting: LHB Ray Spencer 0-0: Called Strike
Eric Fuller is caught stealing 2nd base
Top of the 7th over - 1 run(s), 1 hit(s), 0 error(s), 0 left on base; Kansas City 4 - Chicago 7
BOTTOM OF THE 7TH
Chicago Machine batting - Pitching for Kansas City Kings : RHP Larry Pérez
Now at 1B: Eric Fuller
Now in RF: Ray Spencer
Batting: RHB Derek Ramsey 0-0: Ground out 5-3 (Groundball, 5L)
Pinch Hitting: RHB Lorenzo Guzmán 0-0: Ground out 5-3 (Groundball, 5S)
Pinch Hitting: RHB Roberto Tobías 0-0: Foul Ball, location: 2F
0-1: Ball
1-1: Ground out 4-3 (Groundball, 4)
Bottom of the 7th over - 0 run(s), 0 hit(s), 0 error(s), 0 left on base; Kansas City 4 - Chicago 7
TOP OF THE 8TH
Kansas City Kings batting - Pitching for Chicago Machine : RHP Howard Joyce
Now at 1B: Roberto Tobías
Now in CF: Lorenzo Guzmán
Batting: LHB Ray Spencer 0-0: Fly out, F9 (Flyball, 89M)
Batting: RHB Norm Francis 0-0: Ball
1-0: Ball
2-0: Foul Ball, location: 2F
2-1: DOUBLE (Groundball, 5L)
Pinch Hitting: LHB Ron Crawford 0-0: Foul Ball, location: 2F
0-1: Ball
1-1: Ball
2-1: Foul Ball, location: 2F
2-2: Strikes out swinging
Pinch Hitting: LHB John Frost 0-0: Ground out 4-3 (Groundball, 4)
Top of the 8th over - 0 run(s), 1 hit(s), 0 error(s), 1 left on base; Kansas City 4 - Chicago 7
BOTTOM OF THE 8TH
Chicago Machine batting - Pitching for Kansas City Kings : RHP Larry Pérez
Now at 2B: Keitaro Suzuki
Now in CF: John Frost
Batting: RHB Doug Stephens 0-0: Called Strike
0-1: Ground out 4-3 (Groundball, 4M)
Pinch Hitting: RHB Miguel Monteagudo 0-0: Ball
1-0: Swinging Strike
1-1: Swinging Strike
1-2: Ball
2-2: Ground out 5-3 (Groundball, 56D)
Pinch Hitting: RHB Will Lott 0-0: Called Strike
0-1: Ball
1-1: Called Strike
1-2: Foul Ball, location: 2F
1-2: Ball
2-2: Ball
3-2: Base on Balls
Pinch Hitting: SHB Lee Townsend 0-0: Ball
1-0: Ball
2-0: Ball
3-0: Base on Balls
Will Lott to second
Pinch Hitting: RHB Sadayoshi Kato 0-0: Ball
1-0: Ball
2-0: Foul Ball, location: 2F
2-1: Ball
3-1: Base on Balls
Will Lott to third
Lee Townsend to second
Pitching: RHP Brian Hull
Pinch Hitting: LHB Pedro Cruz 0-0: Ground out 5-3 (Groundball, 25)
Bottom of the 8th over - 0 run(s), 0 hit(s), 0 error(s), 3 left on base; Kansas City 4 - Chicago 7
TOP OF THE 9TH
Kansas City Kings batting - Pitching for Chicago Machine : RHP Howard Joyce
Pitching: RHP Víctor Reyes
Now at 2B: Miguel Monteagudo
Now at 3B: Sadayoshi Kato
Now at SS: Pedro Cruz
Now in LF: Lee Townsend
Now in RF: Ken Nelson
Pinch Hitting: RHB Roberto García 0-0: Ball
1-0: Called Strike
1-1: Called Strike
1-2: Foul Ball, location: 2F
1-2: Foul Ball, location: 2F
1-2: Ball
2-2: Ball
3-2: Fly out, F9 (Flyball, 9)
Batting: SHB José Cruz 0-0: Called Strike
0-1: Ball
1-1: Foul Ball, location: 2F
1-2: Ball
2-2: Strikes out swinging
Pinch Hitting: RHB Ronald Parsons 0-0: Called Strike
0-1: Ground out 5-3 (Groundball, 56)
Top of the 9th over - 0 run(s), 0 hit(s), 0 error(s), 0 left on base; Kansas City 4 - Chicago 7
Thursday, March 30th, 2017 - OOTP Baseball 17.12 Build 75